 Dungeon Crawl Stone Soup version 0.29.1 (webtiles) character file.

Game seed: 14526806007102389962

11253 ImASeal the Cleaver (level 11, -2/169 HPs)
             Began as a Troll Fighter on Sept 13, 2022.
             Was the Champion of Uskayaw.
             Slain by a 12-headed hydra (8 damage)
             ... on level 1 of the Lair of Beasts.
             The game lasted 00:44:40 (10168 turns).

ImASeal the Cleaver (Troll Fighter)                Turns: 10168, Time: 00:44:40

Health: -2/169     AC: 32    Str: 29 (30) XL:     11   Next: 46%
Magic:  10/10      EV:  1    Int:  4      God:    Uskayaw [******]
Gold:   1031       SH:  7    Dex:  8 (9)  Spells: 10/10 levels left

rFire   . . .      SeeInvis .   a - +0 war axe (protect)
rCold   . . .      Faith    .   c - +0 kite shield
rNeg    . . .      Spirit   .   (body armour currently unavailable)
rPois   +          Reflect  .   (helmet currently unavailable)
rElec   .          Harm     .   (cloak currently unavailable)
rCorr   .          Rampage  .   (gloves unavailable)
Will    .....      NoTele   +   (boots unavailable)
Stlth   +.........              E - amulet of regeneration
HPRegen 1.98/turn               (no ring)
MPRegen 0.12/turn               (no ring)

@: tree-form, under a protective aura
A: stationary, stasis, torment immunity, boosted hp, large, unfitting armour,
(claws 3), regeneration 1, (shaggy fur 2), (tough skin 1)
a: Renounce Religion, Stomp, Line Pass, Grand Finale


You were on level 1 of the Lair of Beasts.
You worshipped Uskayaw.
Uskayaw was noncommittal.
You were a tree.
You visited 4 branches of the dungeon, and saw 13 of its levels.

You collected 1031 gold pieces.

Inventory:

Hand Weapons
 a - a +0 war axe of protection (weapon)
Missiles
 p - 6 boomerangs (quivered)
 r - 4 large rocks
 v - 91 stones
 B - 2 throwing nets
 D - 9 poisoned darts
 F - a curare-tipped dart
Armour
 c - a +0 kite shield (worn)
 l - a +1 hat (melded)
 t - an orb of guile
 y - +0 steam dragon scales (melded)
 G - a +1 cloak (melded)
Jewellery
 i - an amulet of the acrobat
 A - an amulet of reflection
 E - an amulet of regeneration (around neck)
 J - an amulet of regeneration
 K - a ring of wizardry
Wands
 b - a wand of flame (31)
 q - a wand of roots (21)
 s - a wand of charming (9)
 C - a wand of digging (8)
 I - a wand of mindburst (3)
Scrolls
 d - 2 scrolls of immolation
 e - 3 scrolls of teleportation
 g - a scroll of fear
 h - 2 scrolls of magic mapping
 j - 2 scrolls of identify
 u - a scroll of enchant armour
 w - a scroll of vulnerability
 x - 3 scrolls of noise
Potions
 f - 5 potions of curing
 k - a potion of degeneration
 m - a potion of brilliance {unknown}
 n - 2 potions of lignification
 o - 4 potions of attraction
 z - a potion of cancellation
 H - a potion of flight {unknown}


   Skills:
 + Level 8.7 Fighting
 + Level 12.6 Axes
 + Level 2.9 Throwing
 - Level 2.5 Dodging
 - Level 2.8 Shields
 + Level 0.6 Evocations


You had 10 spell levels left.
You didn't know any spells.
Your spell library contained the following spells:

 Spells                   Type           Power      Damage    Failure   Level
 Apportation              Tloc           0%         N/A       80%         1
 Necrotise                Necr           0%         1d4       80%         1
 Summon Small Mammal      Summ           0%         N/A       80%         1
 Poisonous Vapours        Pois/Air       0%         N/A       91%         2
 Scorch                   Fire           0%         2d5       91%         2
 Static Discharge         Conj/Air       0%         3-3/arc   91%         2
 Sublimation of Blood     Necr           0%         N/A       91%         2
 Frozen Ramparts          Ice            0%         1d1       99%         3
 Corpse Rot               Necr/Pois/Air  0%         N/A       100%        4
 Dispel Undead            Necr           0%         3d6       100%        4
 Flame Wave               Conj/Fire      0%         2d4       100%        4
 Ice Form                 Ice/Tmut       0%         N/A       100%        4
 Petrify                  Tmut/Erth      0%         N/A       100%        4
 Sticky Flame             Conj/Fire      0%         2d3       100%        4
 Summon Ice Beast         Ice/Summ       0%         N/A       100%        4
 Irradiate                Conj/Tmut      0%         3d11      100%        5
 Summon Cactus Giant      Summ           0%         N/A       100%        6


Dungeon Overview and Level Annotations

Branches:
Dungeon (10/15)            Temple (1/1) D:5            Lair (1/5) D:8
    Orc (1/2) D:9

Altars:
Ashenzari
Cheibriados
Dithmenos
Elyvilon
Fedhas
Gozag
Hepliaklqana
Kikubaaqudgha
Makhleb
Nemelex Xobeh
Okawaru
Qazlal
Ru
Sif Muna
Trog
Uskayaw
Vehumet
Wu Jian
Xom
Yredelemnul
Zin
The Shining One

Shops:
D:4 [   D:6 [


Innate Abilities, Weirdness & Mutations

You are a tree.
Your roots penetrate the ground, keeping you stationary.
You cannot be teleported.
You are immune to unholy pain and torment.
Your maximum health is greatly increased.
Your equipment is partially melded.
You are too large for most types of armour.
((You have claws for hands.))
Your natural rate of healing is unusually fast.
((You are covered in thick fur. (AC +2)))
((You have tough skin. (AC +1)))


Message History

The ten-headed hydra bites you but does no damage. x2
The ten-headed hydra closely misses you.
The ten-headed hydra bites you but does no damage.
You slice one of the ten-headed hydra's heads off!
The nine-headed hydra grows two more!
You slash the 11-headed hydra!
The 11-headed hydra is almost dead.
The 11-headed hydra bites you!
* * * LOW HITPOINT WARNING * * *
The 11-headed hydra completely misses you.
The 11-headed hydra bites you.
* * * LOW HITPOINT WARNING * * *
The 11-headed hydra bites you.
* * * LOW HITPOINT WARNING * * *
The 11-headed hydra bites you but does no damage. x4
The 11-headed hydra barely misses you. You block the 11-headed hydra's attack.
The 11-headed hydra bites you!
* * * LOW HITPOINT WARNING * * *
You chop one of the 11-headed hydra's heads off!
The ten-headed hydra grows two more!
You slice the 12-headed hydra!!
The 12-headed hydra is almost dead.
The 12-headed hydra bites you but does no damage.
You block the 12-headed hydra's attack.
The 12-headed hydra bites you but does no damage.
You block the 12-headed hydra's attack. The 12-headed hydra barely misses you.
The 12-headed hydra bites you.
* * * LOW HITPOINT WARNING * * *
The 12-headed hydra barely misses you. The 12-headed hydra closely misses you.
The 12-headed hydra bites you but does no damage.
The 12-headed hydra barely misses you.
The 12-headed hydra bites you but does no damage. x2
You turn into a tree.
Your +1 cloak melds into your body.
Your +1 hat melds into your body.
Your +0 steam dragon scales melds into your body.
Your roots penetrate the ground.
The 12-headed hydra bites you but does no damage.
The 12-headed hydra barely misses you. The 12-headed hydra bites you!
* * * LOW HITPOINT WARNING * * *
The 12-headed hydra bites you but does no damage. x2
The 12-headed hydra bites you!
You die...

......>.........
................
..............~.
...........~~~~≈
..........~~≈≈≈≈
..........~≈~≈~≈≈~~......
........D~~~~~.~~≈≈......
........♣.~≈≈.>.~≈~......
..#.......~≈~~..≈≈~~.....
...##....~~~≈~~≈~≈~......
..........~~≈≈≈≈≈≈~......
....P#.#.#~~~~~~~~....>..
#.######....~~~..........
# #..###~##..<...... ####
####......... #P........


You could see a 12-headed hydra.

Vanquished Creatures
  Harold (D:9)
  A boulder beetle (D:7)
  A two-headed ogre (D:10)
  A centaur warrior (D:10)
  An orc high priest (Orc:1)
  Pikel (D:7)
  A black mamba (Lair:1)
  An unseen horror (D:10)
  A rime drake (Lair:1)
  2 komodo dragons
  A troll (Orc:1)
  Eustachio (D:5)
  A shadow (D:10)
  A wraith (D:10)
  9 yaks
  A wyvern (D:7)
  A steam dragon (D:4)
  A warg (D:9)
  4 water moccasins
  A black bear (D:5)
  2 sky beasts
  An ogre (D:4)
  14 orc warriors
  4 centaurs
  A phantom (D:5)
  A kobold brigand (D:7)
  3 bullfrogs
  A necrophage (D:7)
  2 gnoll sergeants
  3 scorpions (D:5)
  Crazy Yiuf (D:7)
  A hound (D:5)
  12 orc priests
  2 gnoll boudas
  Jessica (D:2)
  An iguana (D:7)
  7 orc wizards
  Robin (D:3)
  17 gnolls
  4 adders
  2 shadow imps
  A white imp (D:7)
  2 worms (D:3)
  A dart slug (D:5)
  48 orcs
  9 ball pythons
  6 bats
  11 endoplasms
  3 giant cockroaches
  14 goblins
  6 hobgoblins
  4 jackals (D:4)
  12 kobolds
  3 quokkas
  4 frilled lizards
  3 rats
240 creatures vanquished.

Vanquished Creatures (others)
  An unseen horror (D:10)
  An endoplasm (D:4)
  A fungus (D:7)
  39 plants
42 creatures vanquished.

Grand Total: 282 creatures vanquished

Notes
Turn   | Place    | Note
-------+----------+-------------------------------------------
     0 | D:1      | ImASeal the Troll Fighter began the quest for the Orb.
     0 | D:1      | Reached XP level 1. HP: 22/22 MP: 0/0
   159 | D:1      | Reached XP level 2. HP: 27/29 MP: 1/1
   772 | D:1      | Reached skill level 2 in Axes
   915 | D:2      | Noticed Jessica
   930 | D:2      | Killed Jessica
   931 | D:2      | Reached XP level 3. HP: 15/37 MP: 2/2
  1005 | D:2      | Found a faded altar of an unknown god.
  1029 | D:2      | Prayed at the altar of an unknown god.
  1029 | D:2      | Became a worshipper of Uskayaw the Reveller
  1029 | D:2      | Reached * piety under Uskayaw
  1397 | D:2      | Reached ** piety under Uskayaw
  1424 | D:2      | Reached XP level 4. HP: 45/45 MP: 3/3
  1714 | D:3      | Reached *** piety under Uskayaw
  1777 | D:3      | Reached skill level 3 in Axes
  1777 | D:3      | Reached **** piety under Uskayaw
  1891 | D:3      | Noticed Robin
  1905 | D:3      | Killed Robin
  1906 | D:3      | Reached XP level 5. HP: 45/53 MP: 0/4
  1989 | D:3      | Found a shadowy altar of Dithmenos.
  2442 | D:4      | Noticed an ogre
  2452 | D:4      | Killed an ogre
  2453 | D:4      | Reached skill level 4 in Axes
  2547 | D:4      | Found Moore's Dragon-Slaying Spoils.
  2746 | D:4      | Found a hazy altar of Hepliaklqana.
  2764 | D:4      | Noticed a steam dragon
  2772 | D:4      | HP: 1/53 [steam dragon/ball of steam (19)]
  2776 | D:4      | Killed a steam dragon
  2777 | D:4      | Reached skill level 1 in Throwing
  2777 | D:4      | Reached XP level 6. HP: 13/62 MP: 5/5
  3014 | D:5      | Entered Level 5 of the Dungeon
  3022 | D:5      | Reached skill level 5 in Axes
  3050 | D:5      | Found a staircase to the Ecumenical Temple.
  3100 | Temple   | Entered the Ecumenical Temple
  3252 | D:5      | Noticed a water moccasin
  3269 | D:5      | Killed a water moccasin
  3270 | D:5      | Reached XP level 7. HP: 18/68 MP: 6/6
  3449 | D:5      | Reached skill level 6 in Axes
  3480 | D:5      | Reached ***** piety under Uskayaw
  3789 | D:5      | Noticed Eustachio
  3864 | D:5      | Killed Eustachio
  3865 | D:5      | Reached XP level 8. HP: 79/79 MP: 7/7
  3958 | D:6      | Found Teadeimo's Armour Boutique.
  4030 | D:6      | Reached skill level 7 in Axes
  4107 | D:6      | Found a sparkling altar of Nemelex Xobeh.
  4328 | D:6      | Reached skill level 5 in Fighting
  4613 | D:7      | Found a hide-covered altar of Uskayaw.
  4741 | D:7      | Reached skill level 8 in Axes
  4753 | D:7      | Noticed Pikel
  4763 | D:7      | Noticed a boulder beetle
  4765 | D:7      | Killed Pikel
  4766 | D:7      | Reached XP level 9. HP: 89/89 MP: 8/8
  4786 | D:7      | Reached ****** piety under Uskayaw
  4803 | D:7      | Killed a boulder beetle
  4804 | D:7      | Reached skill level 9 in Axes
  4896 | D:7      | Found a runed translucent door.
  4897 | D:7      | Noticed Crazy Yiuf
  5000 | D:7      | Killed Crazy Yiuf
  5047 | D:8      | Found an opulent altar of Gozag.
  5166 | D:8      | Found a basalt altar of Yredelemnul.
  5283 | D:8      | Found a staircase to the Lair.
  5284 | D:8      | Noticed a komodo dragon
  5306 | D:8      | Reached skill level 10 in Axes
  5481 | D:8      | Found an iron altar of Okawaru.
  5483 | D:8      | Found a blossoming altar of Fedhas.
  5483 | D:8      | Found a stormy altar of Qazlal.
  5614 | D:8      | Reached XP level 10. HP: 99/100 MP: 9/9
  5777 | Lair:1   | Entered Level 1 of the Lair of Beasts
  5819 | Lair:1   | Noticed a black mamba
  6240 | D:9      | Reached skill level 11 in Axes
  6312 | D:9      | Found a staircase to the Orcish Mines.
  6461 | D:9      | Found a white marble altar of Elyvilon.
  6472 | D:9      | Found a glowing silver altar of Zin.
  6748 | D:9      | Noticed Harold
  7023 | Orc:1    | Entered Level 1 of the Orcish Mines
  7403 | Orc:1    | Noticed an orc high priest
  7446 | Orc:1    | Noticed a soul eater
  7453 | Orc:1    | Gained mutation: You are covered in thick fur. (AC +2) [a
                  | neqoxec]
  7461 | Orc:1    | Killed an orc high priest
  8067 | D:9      | Killed Harold
  8068 | D:9      | Reached XP level 11. HP: 107/111 MP: 10/10
  8135 | D:9      | Found a broken altar of Ashenzari.
  8167 | D:9      | Found a burning altar of Makhleb.
  8182 | D:9      | Found a radiant altar of Vehumet.
  8251 | D:9      | Reached skill level 12 in Axes
  8656 | D:10     | Entered Level 10 of the Dungeon
  9295 | D:10     | Noticed a centaur warrior
  9295 | D:10     | Noticed a two-headed ogre
  9427 | D:10     | Killed a centaur warrior
  9518 | D:10     | Killed a two-headed ogre
 10154 | Lair:1   | Noticed a six-headed hydra
 10168 | Lair:1   | HP: 6/169 [12-headed hydra (10)]
 10168 | Lair:1   | Slain by a 12-headed hydra

Illustrated notes

Levels and vault maps discovered:
D:1:      saegor_arrival_simple_a, layout_loops_corners
D:2:      wad_lake_hut, layout_basic, nicolae_ecumenical_pavilion,
          amethyst_killhole, hangedman_decor_growths, uniq_jessica
D:3:      layout_rooms, amcnicky_altar_gilded, st_stairs_4, uniq_robin
D:4:      layout_cave_pools, pf_just_have_faith, nicolae_shop_dragon_depot
D:5:      layout_basic, minmay_temple_entry_grid,
          nicolae_concentric_dashed_squares_wild, uniq_eustachio
D:6:      layout_rooms, nemelex_xobeh_ov_fountains_minmay, serial_shops,
          nicolae_shop_stone
D:7:      layout_basic, mainiacjoe_overflow_surrounded_room,
          uniq_crazy_yiuf_cottage, uniq_pikel
D:8:      layout_rooms, mainiacjoe_overflow_catwalk_spiral,
          gammafunk_temple_overflow_claw, david_lair_shrubbed
D:9:      layout_basic, nicolae_overflow_quartered_altars,
          nicolae_ashenzari_skybound, david_orc_1_choice,
          hangedman_decor_lopped, uniq_harold
D:10:     layout_basic, serial_co_window_serial, co_window_corner_a,
          co_window_paths_a, co_window_paths_a, co_window_corner_a,
          co_window_corner_a, co_window_2corner, co_window_unsneaky_path_b,
          co_window_cross_4, glass_columns_a, glass_columns_a, glass_columns_c,
          glass_columns_b
Temple:   hellmonk_temple_flake
Lair:1:   layout_cave_pods, serial_rivers, chequers_serial_rivers_micro_c,
          chequers_serial_rivers_micro_e, chequers_serial_rivers_large_a,
          chequers_serial_rivers_micro_d, chequers_serial_rivers_micro_b,
          chequers_serial_rivers_marsh, serial_bayou_shore_b,
          infiniplex_staircase_pool_2, uniq_amaemon, uniq_gastronok,
          uniq_nergalle
Orc:1:    layout_diamond_mine, serial_shops

Skill      XL: |  1  2  3  4  5  6  7  8  9 10 11 |
---------------+----------------------------------+-----
Axes           | 2 3 4 5 6 8 10 11 12 | 12.6
Fighting       | 3 4 5 6 7 8 |  8.7
Throwing       | 1 2 |  2.9
Dodging        | |  2.5
Shields        | |  2.8
Evocations     | |  0.6

Action                   |  1- 3 |  4- 6 |  7- 9 | 10-12 || total
-------------------------+-------+-------+-------+-------++-------
Melee: War axe           |    99 |   111 |   316 |   384 ||   910
Throw: Boomerang         |       |     9 |    14 |     5 ||    28
       Large rock        |       |     2 |       |       ||     2
       Dart              |       |       |       |     2 ||     2
       Stone             |       |       |       |     1 ||     1
Invok: Stomp             |       |     1 |       |       ||     1
Evoke: Wand              |       |       |       |     5 ||     5
  Use: Potion            |       |     3 |     3 |     4 ||    10
       Scroll            |       |       |     9 |     6 ||    15
 Stab: Paralysed         |       |     6 |    18 |    26 ||    50
Armor: Robe              |    65 |    40 |       |       ||   105
       Skin              |       |     2 |     5 |    46 ||    53
       Steam dragon scal |       |    18 |   171 |   257 ||   446
Dodge: Dodged            |    49 |    62 |   111 |   139 ||   361
Block: Kite shield       |    46 |    42 |   175 |   152 ||   415
       Reflection        |       |       |     1 |       ||     1
